| TOP OF THE 1ST |
|
Cocoa Flyers batting - Pitching for Daytona Beach Islanders : RHP Michael Moore
|
|
Pitching: RHP Michael Moore
|
|
|
Batting: RHB Danny Arroyo
|
0-0: Called Strike 0-1: Ground out U3 (Groundball, 3, EV 90.0 MPH)
|
|
Batting: RHB Lorenzo Quintanilla
|
0-0: Called Strike 0-1: Foul Ball, location: 2F 0-2: Ball 1-2: Ball 2-2: Strikes out swinging
|
|
Batting: LHB Gary Robertson
|
0-0: Ball 1-0: Ball 2-0: Ball 3-0: Called Strike 3-1: Swinging Strike 3-2: Fly out, F7 (Flyball, 7LD, EV 99.4 MPH)
|
| Top of the 1st over - 0 runs, 0 hits, 0 errors, 0 left on base; Cocoa 0 - Daytona Beach 0 |
| BOTTOM OF THE 1ST |
|
Daytona Beach Islanders batting - Pitching for Cocoa Flyers : RHP Ken Pryce
|
|
Pitching: RHP Ken Pryce
|
|
|
Batting: SHB Michael Frierson
|
0-0: Foul Ball, location: 2F 0-1: Bunt missed! 0-2: Ball 1-2: Ball 2-2: Ball 3-2: Base on Balls
|
|
Batting: RHB Kalvin Adams
|
0-0: Called Strike Michael Frierson steals 2nd base 0-1: Ground out 5-3 (Groundball, 56, EV 81.9 MPH)
|
|
Batting: RHB Douglas Wabeke
|
0-0: Ball 1-0: Foul Ball, location: 2F 1-1: Called Strike 1-2: Ground out 5-3 (Groundball, 5, EV 75.6 MPH)
|
|
Batting: RHB Jeff Rutledge
|
0-0: Called Strike 0-1: Ground out 4-3 (Groundball, 4, EV 91.3 MPH)
|
| Bottom of the 1st over - 0 runs, 0 hits, 0 errors, 1 left on base; Cocoa 0 - Daytona Beach 0 |
| TOP OF THE 2ND |
|
Cocoa Flyers batting - Pitching for Daytona Beach Islanders : RHP Michael Moore
|
|
Batting: RHB Larry McNutt
|
0-0: Ball 1-0: Foul Ball, location: 2F 1-1: Foul Ball, location: 2F 1-2: SINGLE (Groundball, 5S, EV 76.3 MPH) (infield hit)
|
|
Batting: SHB Rick Lockwood
|
0-0: Ball 1-0: Ball 2-0: Called Strike 2-1: Fielders Choice at 2nd, 6-4 (Groundball, 6, EV 85.0 MPH)
|
|
Batting: RHB Jorge Diaz
|
0-0: Ball 1-0: SINGLE (Line Drive, 8RS, EV 105.0 MPH) Rick Lockwood to second
|
|
Batting: RHB Charles Fick
|
0-0: Called Strike 0-1: Swinging Strike 0-2: Ball 1-2: Foul Ball, location: 2F 1-2: Ball 2-2: Foul Ball, location: 2F 2-2: Ball 3-2: Fly out, F8 (Line Drive, 8LD, EV 96.9 MPH)
|
|
Batting: SHB Michael Palmer
|
0-0: Ball 1-0: Ball 2-0: Ball 3-0: Called Strike 3-1: Base on Balls Rick Lockwood to third Jorge Diaz to second
|
|
Batting: RHB Miguel Dominguez
|
0-0: Swinging Strike 0-1: Fly out, F7 (Flyball, 7, EV 75.6 MPH)
|
| Top of the 2nd over - 0 runs, 2 hits, 0 errors, 3 left on base; Cocoa 0 - Daytona Beach 0 |
| BOTTOM OF THE 2ND |
|
Daytona Beach Islanders batting - Pitching for Cocoa Flyers : RHP Ken Pryce
|
|
Batting: RHB Gary Kempton
|
0-0: Ball 1-0: Ball 2-0: Foul Ball, location: 2F 2-1: Ground out 4-3 (Groundball, 4, EV 88.8 MPH)
|
|
Batting: RHB Francisco Gonzalez
|
0-0: Swinging Strike 0-1: Ball 1-1: Foul Ball, location: 2F 1-2: Ground out 6-3 (Groundball, 6, EV 90.0 MPH)
|
|
Batting: RHB Jeffrey Coker
|
0-0: Foul Ball, location: 2F 0-1: Swinging Strike 0-2: Ball 1-2: Strikes out swinging
|
| Bottom of the 2nd over - 0 runs, 0 hits, 0 errors, 0 left on base; Cocoa 0 - Daytona Beach 0 |
| TOP OF THE 3RD |
|
Cocoa Flyers batting - Pitching for Daytona Beach Islanders : RHP Michael Moore
|
|
Batting: RHB Danny Arroyo
|
0-0: Ball 1-0: Fly out, F9 (Flyball, 9S, EV 82.5 MPH)
|
|
Batting: RHB Lorenzo Quintanilla
|
0-0: Swinging Strike 0-1: SINGLE (Groundball, 13S, EV 60.0 MPH) (infield hit)
|
|
Batting: LHB Gary Robertson
|
0-0: Ball Lorenzo Quintanilla steals 2nd base 1-0: Foul Ball, location: 2F 1-1: Ball Lorenzo Quintanilla steals 3rd base 2-1: Swinging Strike 2-2: Strikes out swinging
|
|
Batting: RHB Larry McNutt
|
0-0: Called Strike 0-1: DOUBLE (Line Drive, 8RD, EV 95.0 MPH) Lorenzo Quintanilla scores
|
|
Batting: SHB Rick Lockwood
|
0-0: Called Strike 0-1: Foul Ball, location: 2F 0-2: Strikes out swinging
|
| Top of the 3rd over - 1 run, 2 hits, 0 errors, 1 left on base; Cocoa 1 - Daytona Beach 0 |
| BOTTOM OF THE 3RD |
|
Daytona Beach Islanders batting - Pitching for Cocoa Flyers : RHP Ken Pryce
|
|
Batting: RHB Robert Whitfield
|
0-0: Fly out, F9 (Flyball, 9S, EV 85.0 MPH)
|
|
Batting: RHB Alvin Bush
|
0-0: Ball 1-0: Swinging Strike 1-1: Ball 2-1: Swinging Strike 2-2: Foul Ball, location: 2F 2-2: Strikes out swinging
|
|
Batting: SHB Michael Frierson
|
0-0: Ball 1-0: Swinging Strike 1-1: Foul Ball, location: 2F 1-2: Strikes out swinging
|
| Bottom of the 3rd over - 0 runs, 0 hits, 0 errors, 0 left on base; Cocoa 1 - Daytona Beach 0 |
| TOP OF THE 4TH |
|
Cocoa Flyers batting - Pitching for Daytona Beach Islanders : RHP Michael Moore
|
|
Batting: RHB Jorge Diaz
|
0-0: Fly out, F4 (Popup, 34S, EV 75.0 MPH)
|
|
Batting: RHB Charles Fick
|
0-0: Called Strike 0-1: Ball 1-1: Ball 2-1: Ball 3-1: Foul Ball, location: 2F 3-2: Foul Ball, location: 2F 3-2: Fly out, F3 (Line Drive, 3, EV 69.4 MPH)
|
|
Batting: SHB Michael Palmer
|
0-0: Ball 1-0: Foul Ball, location: 2F 1-1: Foul Ball, location: 2F 1-2: Ball 2-2: Ball 3-2: Foul Ball, location: 2F 3-2: Fly out, F7 (Line Drive, 7D, EV 105.6 MPH)
|
| Top of the 4th over - 0 runs, 0 hits, 0 errors, 0 left on base; Cocoa 1 - Daytona Beach 0 |
| BOTTOM OF THE 4TH |
|
Daytona Beach Islanders batting - Pitching for Cocoa Flyers : RHP Ken Pryce
|
|
Batting: RHB Kalvin Adams
|
0-0: Ball 1-0: Ground out 5-3 (Groundball, 56S, EV 83.1 MPH)
|
|
Batting: RHB Douglas Wabeke
|
0-0: Called Strike 0-1: Foul Ball, location: 2F 0-2: Ground out 4-3 (Groundball, 4, EV 80.6 MPH)
|
|
Batting: RHB Jeff Rutledge
|
0-0: Swinging Strike 0-1: Swinging Strike 0-2: Foul Ball, location: 2F 0-2: Ball 1-2: Foul Ball, location: 2F 1-2: Ball 2-2: Ball 3-2: Fly out, F3 (Flyball, 3D, EV 91.9 MPH)
|
| Bottom of the 4th over - 0 runs, 0 hits, 0 errors, 0 left on base; Cocoa 1 - Daytona Beach 0 |
| TOP OF THE 5TH |
|
Cocoa Flyers batting - Pitching for Daytona Beach Islanders : RHP Michael Moore
|
|
Batting: RHB Miguel Dominguez
|
0-0: Ball 1-0: Ball 2-0: Ball 3-0: Called Strike 3-1: Called Strike 3-2: Base on Balls
|
|
Batting: RHB Danny Arroyo
|
0-0: Sac Bunt to 15 - play at first, batter OUT! 1-4 Miguel Dominguez to second
|
|
Batting: RHB Lorenzo Quintanilla
|
0-0: Called Strike 0-1: Swinging Strike 0-2: Strikes out swinging
|
|
Batting: LHB Gary Robertson
|
0-0: Intentional Walk
|
|
Batting: RHB Larry McNutt
|
0-0: Ball 1-0: Ball 2-0: Called Strike 2-1: Swinging Strike 2-2: Fly out, F8 (Flyball, 89XD, EV 91.3 MPH)
|
| Top of the 5th over - 0 runs, 0 hits, 0 errors, 2 left on base; Cocoa 1 - Daytona Beach 0 |
| BOTTOM OF THE 5TH |
|
Daytona Beach Islanders batting - Pitching for Cocoa Flyers : RHP Ken Pryce
|
|
Batting: RHB Gary Kempton
|
0-0: Ball 1-0: Foul Ball, location: 2F 1-1: Ground out 5-3 (Groundball, 56, EV 102.5 MPH)
|
|
Batting: RHB Francisco Gonzalez
|
0-0: Ball 1-0: Foul Ball, location: 2F 1-1: Ball 2-1: Foul Ball, location: 2F 2-2: Foul Ball, location: 2F 2-2: Foul Ball, location: 2F 2-2: Fly out, F9 (Flyball, 9, EV 90.0 MPH)
|
|
Batting: RHB Jeffrey Coker
|
0-0: Foul Ball, location: 2F 0-1: Swinging Strike 0-2: Ball 1-2: Foul Ball, location: 2F 1-2: Ball 2-2: Ball 3-2: Strikes out looking
|
| Bottom of the 5th over - 0 runs, 0 hits, 0 errors, 0 left on base; Cocoa 1 - Daytona Beach 0 |
| TOP OF THE 6TH |
|
Cocoa Flyers batting - Pitching for Daytona Beach Islanders : RHP Michael Moore
|
|
Batting: SHB Rick Lockwood
|
0-0: Ball 1-0: Foul Ball, location: 2F 1-1: Swinging Strike 1-2: Strikes out swinging
|
|
Batting: RHB Jorge Diaz
|
0-0: Called Strike 0-1: Ball 1-1: SINGLE (Line Drive, 9S, EV 98.1 MPH)
|
|
Batting: RHB Charles Fick
|
0-0: Fly out, F6 (Popup, 6MD, EV 52.5 MPH)
|
|
Batting: SHB Michael Palmer
|
0-0: Ball 1-0: Foul Ball, location: 2F 1-1: Called Strike 1-2: Ball Jorge Diaz steals 2nd base 2-2: Ground out 1-3 (Groundball, 13, EV 68.8 MPH)
|
| Top of the 6th over - 0 runs, 1 hit, 0 errors, 1 left on base; Cocoa 1 - Daytona Beach 0 |
| BOTTOM OF THE 6TH |
|
Daytona Beach Islanders batting - Pitching for Cocoa Flyers : RHP Ken Pryce
|
|
Batting: RHB Robert Whitfield
|
0-0: Called Strike 0-1: Foul Ball, location: 2F 0-2: Fly out, F3 (Line Drive, 4, EV 68.8 MPH)
|
|
Batting: RHB Alvin Bush
|
0-0: Called Strike 0-1: Called Strike 0-2: Ball 1-2: Ball 2-2: SINGLE (Line Drive, 6M, EV 102.5 MPH)
|
|
Batting: SHB Michael Frierson
|
0-0: Swinging Strike 0-1: Ball 1-1: Ball 2-1: Fly out, F8 (Flyball, 8LM, EV 88.8 MPH)
|
|
Batting: RHB Kalvin Adams
|
0-0: Called Strike 0-1: Fly out, F8 (Flyball, 8LXD, EV 110.6 MPH)
|
| Bottom of the 6th over - 0 runs, 1 hit, 0 errors, 1 left on base; Cocoa 1 - Daytona Beach 0 |
| TOP OF THE 7TH |
|
Cocoa Flyers batting - Pitching for Daytona Beach Islanders : RHP Michael Moore
|
|
Batting: RHB Miguel Dominguez
|
0-0: Swinging Strike 0-1: Ball 1-1: Ball 2-1: Called Strike 2-2: Ball 3-2: SINGLE (Groundball, 34D, EV 103.1 MPH)
|
|
Batting: RHB Danny Arroyo
|
0-0: Called Strike 0-1: Bunted foul 0-2: Hit by Pitch Miguel Dominguez to second
|
|
Batting: RHB Lorenzo Quintanilla
|
0-0: Bunted foul 0-1: Ball 1-1: Sac Bunt to 5S - play at first, batter OUT! 5-4 Miguel Dominguez to third Danny Arroyo to second
|
|
Batting: LHB Gary Robertson
|
0-0: Intentional Walk
|
|
Batting: RHB Larry McNutt
|
0-0: Called Strike 0-1: Ball 1-1: Called Strike 1-2: Foul Ball, location: 2F 1-2: Ball 2-2: Ball 3-2: Fly out, F7 (Flyball, 78D, EV 96.9 MPH) Runner from 3rd tags up, SCORES, throw by LF Danny Arroyo to third
|
|
Batting: SHB Rick Lockwood
|
0-0: Ball 1-0: Ball 2-0: Ball 3-0: Base on Balls Gary Robertson to second
|
|
Batting: RHB Jorge Diaz
|
0-0: Fly out, F3 (Popup, 3L, EV 79.4 MPH)
|
| Top of the 7th over - 1 run, 1 hit, 0 errors, 3 left on base; Cocoa 2 - Daytona Beach 0 |
| BOTTOM OF THE 7TH |
|
Daytona Beach Islanders batting - Pitching for Cocoa Flyers : RHP Ken Pryce
|
|
Batting: RHB Douglas Wabeke
|
0-0: Ball 1-0: Called Strike 1-1: Ball 2-1: Foul Ball, location: 2F 2-2: Ball 3-2: Base on Balls
|
|
Batting: RHB Jeff Rutledge
|
0-0: Ball 1-0: Called Strike 1-1: Ball 2-1: Ball 3-1: Fly out, F1 (Line Drive, P, EV 63.8 MPH)
|
|
Batting: RHB Gary Kempton
|
0-0: Swinging Strike 0-1: Ball 1-1: Called Strike 1-2: Strikes out looking
|
|
Batting: RHB Francisco Gonzalez
|
0-0: Called Strike 0-1: Swinging Strike Passed Ball! Douglas Wabeke to second 0-2: Strikes out swinging
|
| Bottom of the 7th over - 0 runs, 0 hits, 0 errors, 1 left on base; Cocoa 2 - Daytona Beach 0 |
| TOP OF THE 8TH |
|
Cocoa Flyers batting - Pitching for Daytona Beach Islanders : RHP Michael Moore
|
|
Batting: RHB Charles Fick
|
0-0: Swinging Strike 0-1: Ball 1-1: Fly out, F1 (Popup, 15, EV 85.0 MPH)
|
|
Pitching: RHP Nelson Munoz
|
|
|
Batting: SHB Michael Palmer
|
0-0: Called Strike 0-1: Called Strike 0-2: Fly out, F6 (Popup, 15, EV 81.9 MPH)
|
|
Batting: RHB Miguel Dominguez
|
0-0: Ball 1-0: Ball 2-0: Ball 3-0: Called Strike 3-1: Base on Balls
|
|
Batting: RHB Danny Arroyo
|
0-0: Ball 1-0: Ball 2-0: Fielders Choice at 2nd, U4 (Groundball, 4M, EV 100.6 MPH)
|
| Top of the 8th over - 0 runs, 0 hits, 0 errors, 1 left on base; Cocoa 2 - Daytona Beach 0 |
| BOTTOM OF THE 8TH |
|
Daytona Beach Islanders batting - Pitching for Cocoa Flyers : RHP Ken Pryce
|
|
Batting: RHB Jeffrey Coker
|
0-0: Ground out 5-3 (Groundball, 56, EV 106.9 MPH)
|
|
Batting: RHB Robert Whitfield
|
0-0: Ground out 4-3 (Groundball, 4, EV 82.5 MPH)
|
|
Batting: RHB Alvin Bush
|
0-0: Ball 1-0: Ball 2-0: Foul Ball, location: 2F 2-1: Called Strike 2-2: Ball 3-2: Strikes out swinging
|
| Bottom of the 8th over - 0 runs, 0 hits, 0 errors, 0 left on base; Cocoa 2 - Daytona Beach 0 |
| TOP OF THE 9TH |
|
Cocoa Flyers batting - Pitching for Daytona Beach Islanders : RHP Nelson Munoz
|
|
Batting: RHB Lorenzo Quintanilla
|
0-0: Ball 1-0: Ball 2-0: Foul Ball, location: 2F 2-1: Ball 3-1: SOLO HOME RUN (Flyball, 7D, EV 91.9 MPH), Distance : 382 ft
|
|
Batting: LHB Gary Robertson
|
0-0: Ball 1-0: Ball 2-0: Foul Ball, location: 2F 2-1: Ball 3-1: Foul Ball, location: 2F 3-2: Base on Balls
|
|
Batting: RHB Larry McNutt
|
0-0: DOUBLE (Flyball, 89D, EV 93.1 MPH) Gary Robertson to third
|
|
Batting: SHB Rick Lockwood
|
0-0: Intentional Walk
|
|
Batting: RHB Jorge Diaz
|
0-0: Ball 1-0: Ball 2-0: Called Strike 2-1: Ball 3-1: Foul Ball, location: 2F 3-2: Base on Balls Gary Robertson scores Larry McNutt to third Rick Lockwood to second
|
|
Pitching: RHP Thad Troedson
|
|
|
Batting: RHB Charles Fick
|
0-0: Called Strike 0-1: Swinging Strike 0-2: Foul Ball, location: 2F 0-2: Ball 1-2: Ball 2-2: Strikes out swinging
|
|
Batting: SHB Michael Palmer
|
0-0: Ball 1-0: Fly out, F8 (Flyball, 78D, EV 88.8 MPH) Runner from 3rd tags up, OUT at HOME! 8-2
|
| Top of the 9th over - 2 runs, 2 hits, 0 errors, 2 left on base; Cocoa 4 - Daytona Beach 0 |
| BOTTOM OF THE 9TH |
|
Daytona Beach Islanders batting - Pitching for Cocoa Flyers : RHP Ken Pryce
|
|
Pitching: RHP Jeffery Vail
|
|
|
Batting: SHB Michael Frierson
|
0-0: Called Strike 0-1: Ball 1-1: Ground out 6-3 (Groundball, 6M, EV 83.1 MPH)
|
|
Batting: RHB Kalvin Adams
|
0-0: Ball 1-0: Ground out 6-3 (Groundball, 6, EV 80.6 MPH)
|
|
Batting: RHB Douglas Wabeke
|
0-0: Called Strike 0-1: Ball 1-1: Ground out 6-3 (Groundball, 6, EV 90.6 MPH)
|
| Bottom of the 9th over - 0 runs, 0 hits, 0 errors, 0 left on base; Cocoa 4 - Daytona Beach 0 |
|